 Dungeon Crawl Stone Soup version 0.19-a0-1007-g133f65f (webtiles) character file.

30 Implojin the Ruffian (level 3, 0/31 HPs)
             Began as a Minotaur Fighter on July 20, 2016.
             Slain by Implojin's ghost (15 damage)
             ... on level 4 of the Dungeon.
             The game lasted 00:01:17 (169 turns).

Implojin the Ruffian (Minotaur Fighter)              Turns: 169, Time: 00:01:17

Health: 0/31       AC:  6    Str: 25    XL:     3   Next: 3%
Magic:  2/2        EV:  7    Int:  3    God:
Gold:   0          SH:  9    Dex: 10    Spells: 0 memorised, 2 levels left

rFire  . . .     SeeInvis .       - Unarmed
rCold  . . .     Gourm    .     a - +0 scale mail
rNeg   . . .     Faith    .     b - +0 shield
rPois  .         Spirit   .     (helmet restricted)
rElec  .         Dismiss  .     (no cloak)
rCorr  .         Reflect  .     (no gloves)
SustAt .         Harm     .     (no boots)
MR     .....                    (no amulet)
Stlth  ..........               (no ring)
                                (no ring)

@: mighty, not resistant to hostile enchantments, extremely unstealthy
A: retaliatory headbutt, horns 2, dopey 1, MP-powered wands
a: no special abilities


You were on level 4 of the Dungeon.
You were not hungry.

You visited 1 branch of the dungeon, and saw 4 of its levels.

Inventory:

Armour
 a - a +0 scale mail (worn)
 b - a +0 shield (worn)
Scrolls
 e - a scroll of immolation {unknown}
 g - a scroll of amnesia {unknown}
Potions
 f - a potion of mutation
Comestibles
 d - a bread ration


   Skills:
 - Level 3.6 Fighting
 - Level 3.6 Armour
 - Level 3.6 Shields
 * Level 3.9 Unarmed Combat


You had 2 spell levels left.
You didn't know any spells.

Dungeon Overview and Level Annotations

Branches:
Dungeon (4/15)
 Temple: D:4-7

Altars:

Annotations:
D:4 Implojin's ghost, weakling MiFi


Innate Abilities, Weirdness & Mutations

You reflexively headbutt those who attack you in melee.
You have a pair of horns on your head.
You are dopey. (Int -2)
You expend magic power (3 MP) to strengthen your wands.


Message History

* * * LOW HITPOINT WARNING * * *
The crimson imp blinks!
You hit the hobgoblin. You headbutt the hobgoblin.
You kill the hobgoblin!
Unknown command.
Things that are here:
a club; a hobgoblin corpse The crimson imp misses you.
Your shield prevents you from hitting the crimson imp.
You headbutt the crimson imp, but do no damage.
The crimson imp hits you.
* * * LOW HITPOINT WARNING * * *
You completely miss the crimson imp. Your headbutt misses the crimson imp.
You block the crimson imp's attack.
You hit the crimson imp.
The crimson imp is heavily wounded.
You block the crimson imp's attack.
You barely miss the crimson imp.
The crimson imp is moderately wounded.
The crimson imp blinks!
There is an escape hatch in the floor here.
You slide downwards.
The hatch slams shut behind you.
Unknown command.
Unknown command.
Found 23 stones and a club.
You see here 23 stones.
Implojin's ghost (weakling Minotaur Fighter) comes into view.
Okay, then.
Okay, then.
It was a potion of mutation.
You feel extremely strange.
You feel your magical essence link to your wands.
You feel stupid.
Okay, then.
Okay, then.
You feel very mighty all of a sudden.
Implojin's ghost whispers, "Trust me.
Just give in."
You punch Implojin's ghost! Your headbutt misses Implojin's ghost.
Implojin's ghost is moderately damaged.
Implojin's ghost hits you!
You die...

### ## ..
#.## #.#
.... #..#
#.#
#..##..#
##)#
#.....##..#
###..@#..#
####W.#
#(.## ##..#
##..##
#..## #..##
#..## ...#


You could see Implojin's ghost.

Vanquished Creatures
  Robin (D:2)
  A giant cockroach (D:1)
  8 goblins (D:2)
  3 hobgoblins
  A giant newt (D:1)
  A kobold (D:2)
  3 rats (D:2)
18 creatures vanquished.

Notes
Turn   | Place    | Note
-------+----------+-------------------------------------------
     0 | D:1      | Implojin the Minotaur Fighter began the quest for the Orb.
     0 | D:1      | Reached XP level 1. HP: 19/19 MP: 0/0
    39 | D:2      | Noticed Robin
    48 | D:2      | Reached skill level 3 in Unarmed Combat
    54 | D:2      | Killed Robin
    54 | D:2      | Reached XP level 2. HP: 20/26 MP: 1/1
   123 | D:2      | Reached XP level 3. HP: 18/31 MP: 2/2
   159 | D:4      | Noticed Implojin's ghost (weakling MiFi)
   162 | D:4      | Gained mutation: You expend magic power (3 MP) to strengthen your wands. [potion of mutation]
   162 | D:4      | Gained mutation: You are dopey. (Int -2) [potion of mutation]
   169 | D:4      | Slain by Implojin's ghost

Vault maps used:
D:1:      nicolae_arrival_somewhat_less_tricky_arrival
D:2:      first_bread, tso_altar, uniq_robin
D:4:      amethyst_overflow_temple_binary, gammafunk_temple_overflow_wave,
          serial_shops, nicolae_shop_statue_plus, grunt_decor_mini_mirrors

Skill      XL: |  1 |
---------------+----+-----
Unarmed Combat | 3 |  3.9
Fighting       | |  3.6
Armour         | |  3.6
Shields        | |  3.6

Action                   || total
-------------------------++-------
Melee: Unarmed           ||    44
       Headbutt          ||     9
  Use: Potion            ||     2
Armor: Scale mail        ||    11
Dodge: Dodged            ||    14
Block: Shield            ||    15

Table legend:
 A = Turns spent in this place as a percentage of turns spent in the entire game.
 B = Non-inter-level travel turns spent in this place as a percentage of non-inter-level travel turns spent in the entire game.
 C = Inter-level travel turns spent in this place as a percentage of turns spent in this place.
 D = Turns resting spent in this place as a percentage of non-inter-level travel turns spent in this place.
 E = Turns spent auto-exploring this place as a percentage of non-inter-level travel turns spent in this place.
 F = Non-inter-level travel turns spent in this place divided by the number of levels of this place that you've seen.
                   A       B       C       D       E      F
               +-------+-------+-------+-------+-------+----------------------
         Total | 100.0 | 100.0 |   0.0 |   0.0 |   0.0 |  45.2
       Dungeon | 100.0 | 100.0 |   0.0 |   0.0 |   0.0 |  45.2
               +-------+-------+-------+-------+-------+----------------------

Table legend:
 A = Kills in this place as a percentage of kills in entire the game.
 B = Kills by you in this place as a percentage of kills by you in the entire game.
 C = Kills by friends in this place as a percentage of kills by friends in the entire game.
 D = Other kills in this place as a percentage of other kills in the entire game.
 E = Experience gained in this place as a percentage of experience gained in the entire game.
 F = Experience gained in this place divided by the number of levels of this place that you have seen.
                   A       B       C       D       E      F
               +-------+-------+-------+-------+-------+----------------------
         Total | 100.0 | 100.0 |  -nan |  -nan | 100.0 |  10.8
       Dungeon | 100.0 | 100.0 |  -nan |  -nan | 100.0 |  10.8
               +-------+-------+-------+-------+-------+----------------------
